Cogmind - Beta 13 @@@ ROGUE MODE // 2024.06.17 @ 12:28:04 Player: Lunace Result: Destroyed by G-73 Enforcer with Phase Gun Performance ------------- Evolutions (8) 4000 Regions Visited (18) 3600 Robots Destroyed (158) 790 Value Destroyed (5247) 5247 Prototype IDs (40) 800 Alien Tech Used (2) 400 Bonus (-186) -186 TOTAL SCORE: 14651 Bonus ------- High Alert Combat Kills 954 Follower Combat Kills 881 Met Zhirov 300 Built Enhanced Grunts 300 Read Decrypted Archives 300 Friendly Fire -2921 Cogmind --------- Core Integrity 0/1450 Matter 278/300 Energy 100/100 System Corruption 0% Temperature Cool (11) Movement Flying (40) Location -2/Research Parts ------- > --- POWER (2) -------- (None) > --- PROPULSION (6) --- Improved Q-thruster > --- UTILITY (13) ----- Enhanced Optical Array Advanced Signal Interpreter Advanced Signal Interpreter Advanced Targeting Computer Improved Melee Analysis Suite Advanced Melee Analysis Suite Advanced Target Analyzer Advanced Target Analyzer Improved System Shield Advanced Corruption Screen > --- WEAPON (2) ------- (None) > --- INVENTORY (5) ---- Experimental Energy Well (600) Advanced Component Analysis Suite Linear Accelerator Faulty Centrium Greatsword Peak State ------------ > --- POWER ------------ Light Particle Reactor Compact Particle Reactor > --- PROPULSION ------- Antigrav Array Antigrav Array Antigrav Array > --- UTILITY ---------- Large Storage Unit Enhanced Optical Array Long-range Sensor Array Advanced Signal Interpreter Improved Melee Analysis Suite Advanced Melee Analysis Suite Medium Regenerative Plating Experimental Hacking Suite Improved System Shield Advanced System Shield Advanced Component Analysis Suite > --- WEAPON ----------- Phasing Sabre Lance > --- INVENTORY -------- Light Antimatter Reactor Structural Scanner Armor Integrity Analyzer Improved Phase Shifter Linear Accelerator Fusion Bomb Launcher Advanced Datajack Centrium Greatsword Lance [Rating: 144] Favorites ----------- Power Light Angular Momentum Engine Engine Light Angular Momentum Engine Power Core Neutrino Core Reactor Compact Particle Reactor Propulsion Cooled Gravmag System Treads Improved Treads Leg VSS Leg Wheel Centrium Wheel Hover Unit Cooled Gravmag System Flight Unit Improved Q-thruster Utility Improved Melee Analysis Suite Device Structural Scanner Storage Large Storage Unit Processor Improved Melee Analysis Suite Hackware Advanced System Shield Protection Medium Regenerative Plating Weapon Katana Energy Gun Small Laser Energy Cannon Advanced Beam Cannon Ballistic Gun Light Assault Rifle Ballistic Cannon Light Cannon Launcher Precision Rocket Launcher Impact Weapon Maul Slashing Weapon Katana Piercing Weapon Lance Build | -11 -10 -9 -9 -8 -7 -6 -5 -5 -5 -5 -4 -4 -4 -4 -4 -4 -3 -2 ------- Run | Yrd Mat Mat Sto Mat Fac Fac Fac Upp Upp Zhi Pro Fac Ext Cet Arc Hub Res Res Slots Evolved 16 | . . 2 . 2 2 2 2 . . . . 2 . . . . 2 2 Power 1 | . . . . . . . . . . . . . . . . . 1 . Propulsion 4 | . . 2 . . . . . . . . . 1 . . . . 1 . Utility 11 | . . . . 2 2 2 2 . . . . 1 . . . . . 2 Weapon . | . . . . . . . . . . . . . . . . . . . Parts Attached 165 | 7 2 9 17 9 14 21 1 5 . 6 . 2 16 18 1 1 19 17 Power 19 | 1 . . 4 1 . 1 . . . . . . 4 2 . . 4 2 Engine 7 | 1 . . 4 . . 1 . . . . . . . . . . 1 . Core 6 | . . . . 1 . . . . . . . . 4 1 . . . . Reactor 6 | . . . . . . . . . . . . . . 1 . . 3 2 Propulsion 55 | 2 . 4 7 4 6 5 . 2 . 3 . . 4 9 . . 5 4 Treads 6 | 2 . . 4 . . . . . . . . . . . . . . . Leg 10 | . . 4 2 4 . . . . . . . . . . . . . . Wheel 3 | . . . . . . . . . . . . . . 3 . . . . Hover 34 | . . . . . 6 5 . 2 . 3 . . 4 6 . . 5 3 Flight 2 | . . . 1 . . . . . . . . . . . . . . 1 Utility 58 | 2 . 1 . 4 6 10 1 3 . 3 . 2 5 4 1 1 8 7 Device 23 | 1 . . . 2 2 5 . . . 1 . 1 1 2 . 1 5 2 Storage 6 | 1 . 1 . . 1 . 1 . . 1 . . 1 . . . . . Processor 19 | . . . . 2 3 4 . . . . . . 2 1 . . 2 5 Hackware 8 | . . . . . . 1 . 3 . . . 1 1 . 1 . 1 . Protection 2 | . . . . . . . . . . 1 . . . 1 . . . . Artifact . | . . . . . . . . . . . . . . . . . . . Weapon 33 | 2 2 4 6 . 2 5 . . . . . . 3 3 . . 2 4 Energy Gun 4 | 1 . . 2 . . . . . . . . . . . . . . 1 Energy Cannon 1 | . . . 1 . . . . . . . . . . . . . . . Ballistic Gun 1 | 1 . . . . . . . . . . . . . . . . . . Ballistic Cannon 2 | . 1 1 . . . . . . . . . . . . . . . . Launcher 14 | . 1 2 2 . 2 2 . . . . . . 1 2 . . 1 1 Special Weapon . | . . . . . . . . . . . . . . . . . . . Impact Weapon 2 | . . 1 . . . . . . . . . . 1 . . . . . Slashing Weapon 6 | . . . 1 . . 3 . . . . . . 1 1 . . . . Piercing Weapon 3 | . . . . . . . . . . . . . . . . . 1 2 Special Melee Weapon . | . . . . . . . . . . . . . . . . . . . Unidentified Prototypes 19 | . . . 7 . 2 1 . . . 4 . . . 3 . . 1 1 Parts Lost 36 | . . . 2 1 . 1 . . . . . . 4 6 . 1 5 16 Power 4 | . . . . . . . . . . . . . 1 1 . . . 2 Propulsion 10 | . . . 2 . . 1 . . . . . . . . . 1 1 5 Utility 14 | . . . . 1 . . . . . . . . 2 2 . . 3 6 Weapon 8 | . . . . . . . . . . . . . 1 3 . . 1 3 Highest Loss Streak 12 | . . . 2 1 . 1 . . . . . . 2 6 . 1 4 12 To Critical Strikes 2 | . . . . . . . . . . . . . . 2 . . . . Average Slot Usage (%) 90 | . 99 90 95 95 87 95 82 86 94 92 94 86 97 83 89 88 87 69 Engine 4 | . 14 11 11 8 . 6 5 5 5 5 5 5 1 . . . . . Core 1 | . . . . . 7 . . . . . . . 2 4 . . . . Reactor 1 | . . . . . . . . . . . . . . . 5 5 8 6 Treads 4 | . 28 9 7 29 . . . . . . . . . . . . . . Leg 6 | . . 25 34 5 1 . . . . . . . . . . . . . Hover 15 | . . . . . 28 25 23 23 23 23 23 21 25 14 21 20 17 13 Device 9 | . 14 11 11 12 7 13 11 11 11 9 11 8 10 3 . 2 8 5 Storage 6 | . 14 11 11 9 7 6 5 5 5 5 5 5 5 5 5 5 4 3 Processor 19 | . . . . 10 17 30 29 29 29 29 29 26 28 33 36 33 22 25 Hackware 4 | . . . . . . . . 4 11 7 5 8 9 10 10 10 10 7 Protection 1 | . . . . . . . . . . 2 5 5 2 . 5 5 3 . Ballistic Cannon 1 | . 8 13 . . . . . . . . . . . . . . . . Launcher 3 | . 9 3 9 9 7 4 . . . . . . 4 1 . . . . Impact Weapon 1 | . . 4 8 . . . . . . . . . 1 . . . . . Slashing Weapon 3 | . . . 2 9 7 5 5 5 5 5 5 5 3 3 5 5 3 . Naked Turns . | . . . . . . . . . . . . . . . . . . . Heaviest Build 72 | 13 17 32 40 40 39 29 26 26 26 27 27 27 51 58 44 46 72 67 Greatest Support 92 | 40 40 48 92 92 80 34 34 38 34 43 43 43 53 57 57 57 78 80 Greatest Overweight (x) 4 | . . 1 1 . 4 . . . . . . . . 1 . . . 1 Average Overweight (x) . | . . . . . . . . . . . . . . . . . . . Largest Inventory Capacity 15 | 8 8 15 15 15 15 10 10 10 10 10 10 10 15 15 15 15 15 15 Average Capacity 12 | 7 8 13 15 15 10 10 10 10 10 10 10 10 14 15 15 15 15 13 Most Carried 15 | 1 5 11 15 15 15 10 8 8 8 10 7 8 15 15 9 11 12 11 Average Carried 8 | . 2 7 12 11 7 7 7 7 8 7 7 7 10 8 8 9 9 8 Final Capacity 15 | 8 8 15 15 15 10 10 10 10 10 10 10 10 15 15 15 15 15 5 Final Carried 15 | 1 5 8 12 15 9 7 7 8 8 7 7 8 14 8 9 11 11 5 Class Distribution -------------------- 33% | Mutant 24% | Hacker-Scout 18% | Scout 8% | Hacker-Mutant 7% | Scavenger-Mutant 3% | Commander-Scout Dominant Class ---------------- Mutant | -10/Materials Mutant | -9/Materials Mutant | -9/Storage Mutant | -8/Materials Scavenger-Mutant | -7/Factory Scout | -6/Factory Scout | -5/Factory Scout | -5/Upper Caves Hacker-Scout | -5/Upper Caves Scout | -5/Zhirov Scout | -4/Proximity Caves Hacker-Gladiator | -4/Factory Hacker-Scout | -4/Extension Hacker-Sprinter | -4/Cetus Hacker-Mutant | -4/Archives Hacker-Mutant | -4/Hub_04(d) Hacker-Scout | -3/Research Hacker-Mutant | -2/Research Resources | -11 -10 -9 -9 -8 -7 -6 -5 -5 -5 -5 -4 -4 -4 -4 -4 -4 -3 -2 ----------- Run | Yrd Mat Mat Sto Mat Fac Fac Fac Upp Upp Zhi Pro Fac Ext Cet Arc Hub Res Res Matter Collected 2974 | 242 69 264 242 509 159 150 28 23 79 70 . 12 305 146 101 10 456 109 Remotely 309 | . . . . 309 . . . . . . . . . . . . . . Salvage Created 5934 | 47 112 335 805 778 294 347 28 . 25 443 8 12 840 129 31 112 1165 423 Parts 256 | 9 10 19 31 35 12 7 2 . 2 6 2 4 20 6 4 2 49 36 Haulers Intercepted 14 | . . . 3 3 1 2 . . . . . . 1 . . 1 3 . Recyclers Shooed 5 | . . 2 1 1 . . . . . . . . . . . . 1 . Parts Field Recycled . | . . . . . . . . . . . . . . . . . . . Retrieved Matter . | . . . . . . . . . . . . . . . . . . . Parts Self-Destructed 17 | . . . . . . . . . 13 2 2 . . . . . . . Prevented . | . . . . . . . . . . . . . . . . . . . Kills | -11 -10 -9 -9 -8 -7 -6 -5 -5 -5 -5 -4 -4 -4 -4 -4 -4 -3 -2 ------- Run | Yrd Mat Mat Sto Mat Fac Fac Fac Upp Upp Zhi Pro Fac Ext Cet Arc Hub Res Res Combat Hostiles Destroyed 92 | . 6 10 18 16 1 1 . . 1 . 1 . 11 2 . . 17 8 Melee 21 | . . 1 5 . 1 1 . . 1 . 1 . 3 . . . 1 7 Cannons 7 | . 3 4 . . . . . . . . . . . . . . . . AOE 52 | . 3 3 8 16 . . . . . . . . 4 1 . . 16 1 Classes Destroyed 15 | 1 2 4 3 2 . . . . . . 1 . . . . . 1 1 Worker 11 | . . 1 2 4 . . 1 . . . . . . . . . 3 . Builder 9 | . . . . 4 1 . . . . . . 1 . . . . 3 . Tunneler 6 | 3 . 1 . 2 . . . . . . . . . . . . . . Hauler 14 | . . . 3 3 1 2 . . . . . . 1 . . 1 3 . Recycler 11 | . . . 2 3 2 1 . . . . . . 1 . . . 2 . Operator 4 | . . . 2 1 . . . . . . . . . . . . 1 . Drone 1 | . . . . . . . . . . . 1 . . . . . . . Watcher 10 | . . 3 . 4 1 . . . . . . . . . . . 1 1 Swarmer 19 | . 3 3 2 3 . . . . 1 . . . . . . . 3 4 Cutter 3 | . . . . . . . . . . . . . . . . . 3 . Grunt 47 | . 3 3 13 11 . . . . . . . . 8 . . . 9 . Duelist 2 | . . 1 1 . . . . . . . . . . . . . . . Sentry 9 | . . 3 2 1 . 1 . . . . . . 2 . . . . . Hunter 6 | . . . . 1 1 . . . . . . . 1 . . . 2 1 Programmer 3 | . . . . . . . . . . . . . . . . . . 3 Cetus Guard 2 | . . . . . . . . . . . . . . 2 . . . . Best Kill Streak 16 | 3 3 5 7 16 4 2 1 . 1 . 1 1 5 2 . 1 10 4 Combat Bots Only 9 | . 3 4 4 7 1 1 . . 1 . 1 . 5 2 . . 9 4 Max Kills in Single Turn 5 | 1 3 2 2 3 1 1 1 . 1 . 1 1 3 1 . 1 5 1 Gunslinging . | . . . . . . . . . . . . . . . . . . . Exploded 3 | . 3 2 2 2 . . . . . . . . 3 1 . . 3 1 Melee 1 | . . 1 1 . 1 1 . . 1 . 1 . 1 . . . 1 1 Uniques/NPCs Destroyed 1 | . . . . . . . . . . . . . . 1 . . . . A7 (-4/Cetus) Combat | -11 -10 -9 -9 -8 -7 -6 -5 -5 -5 -5 -4 -4 -4 -4 -4 -4 -3 -2 -------- Run | Yrd Mat Mat Sto Mat Fac Fac Fac Upp Upp Zhi Pro Fac Ext Cet Arc Hub Res Res Hostile Shots Fired 627 | . 8 29 87 29 71 9 . . 36 . . 8 59 24 . 3 84 180 Missed 221 | . 3 8 20 7 41 3 . . 17 . . 6 23 10 . 1 31 51 Damage Taken 7861 | . 68 277 831 353 234 66 . . 262 . . . 841 342 . 172 1301 3114 Core 2237 | . . 38 159 42 49 . . . 40 . . . 189 27 . . 230 1463 Absorbed by Shields 164 | . . . . . . . . . . . . . 53 111 . . . . Redirected to Shielding 145 | . . . . . . . . . . . . . 145 . . . . . Regen/Repaired (Parts) 484 | . . 53 . . . . . . . . . 17 . 8 32 36 338 . Core Remaining (%) 87 | 100 100 . 50 92 93 100 . . . . 96 . . . . 81 75 . Volleys Fired 96 | 5 8 18 12 26 . . . . . . . . 6 5 . . 14 2 Largest 2 | 2 1 2 1 1 . . . . . . . . 1 2 . . 1 1 Hottest 98 | 60 35 70 43 43 . . . . . . . . 49 98 . . 52 49 Shots Fired 117 | 10 8 32 12 26 . . . . . . . . 6 7 . . 14 2 Gun 10 | 10 . . . . . . . . . . . . . . . . . . Cannon 35 | . 7 28 . . . . . . . . . . . . . . . . Launcher 72 | . 1 4 12 26 . . . . . . . . 6 7 . . 14 2 Special . | . . . . . . . . . . . . . . . . . . . Kinetic 40 | 5 7 28 . . . . . . . . . . . . . . . . Thermal 5 | 5 . . . . . . . . . . . . . . . . . . Explosive 68 | . 1 4 12 26 . . . . . . . . 6 3 . . 14 2 Electromagnetic 4 | . . . . . . . . . . . . . . 4 . . . . Robot Hit Streak 14 | 6 9 6 3 14 . . . . . . . . 1 3 . . 4 1 Robot Miss Streak 3 | 1 1 3 1 1 . . . . . . . . 1 1 . . 2 1 Penetration Max . | . . . . . . . . . . . . . . . . . . . Secondary Targets . | . . . . . . . . . . . . . . . . . . . Shots Hit Robots 246 | 6 5 27 43 22 19 5 1 . 1 11 1 1 39 13 2 1 23 26 Core Hits 191 | 5 6 17 20 45 3 4 . . 1 4 . 1 17 9 1 1 44 13 Critical Kills 2 | . . . 1 . . . . . . . . . 1 . . . . . Critical Parts Destroyed 16 | . . 2 10 . . . . . . . . . 4 . . . . . Critical Strikes 31 | . . 4 11 . 2 1 . . . . . . 7 1 . . . 5 Blast 2 | . . 2 . . . . . . . . . . . . . . . . Smash 18 | . . 2 11 . . . . . . . . . 5 . . . . . Sever 6 | . . . . . 2 1 . . . . . . 2 1 . . . . Impale 5 | . . . . . . . . . . . . . . . . . . 5 Melee Attacks 315 | . . 10 52 12 34 19 1 1 6 11 6 8 47 15 2 6 43 42 Impact 83 | . . 10 52 . . . . . . . . . 21 . . . . . Slashing 157 | . . . . 12 34 19 1 1 6 11 6 8 26 15 2 6 10 . Piercing 75 | . . . . . . . . . . . . . . . . . 33 42 Sneak Attacks 52 | . . 4 9 4 7 3 1 . . . . 1 4 10 . 1 8 . Combat Hostiles 4 | . . 2 . . . . . . . . . . 2 . . . . . Follow-up Attacks 2 | . . . . . . . . . . . . . . . . . . 2 Damage Inflicted 21736 | 69 174 1079 2699 3465 983 341 132 . 53 1261 60 118 3321 1659 248 178 4376 1520 Guns 69 | 69 . . . . . . . . . . . . . . . . . . Cannons 393 | . 84 309 . . . . . . . . . . . . . . . . Explosions 10118 | . 90 245 840 3071 . . . . . . . . 1148 932 . . 3274 518 Melee 11092 | . . 525 1859 394 983 341 132 . 53 1261 60 118 2173 727 248 114 1102 1002 Ramming 64 | . . . . . . . . . . . . . . . . 64 . . Kinetic 419 | 26 84 309 . . . . . . . . . . . . . . . . Thermal 222 | 43 . . . . . . . . . . . . . 179 . . . . Explosive 9641 | . 90 245 840 3071 . . . . . . . . 1148 455 . . 3274 518 Electromagnetic 298 | . . . . . . . . . . . . . . 298 . . . . Impact 3424 | . . 525 1859 . . . . . . . . . 1040 . . . . . Slashing 5564 | . . . . 394 983 341 132 . 53 1261 60 118 1133 727 248 114 . . Piercing 2104 | . . . . . . . . . . . . . . . . . 1102 1002 Highest Corruption 2 | . . . . 1 1 . . . . . . 1 1 2 2 2 . . Average Corruption 1 | . . . . 1 1 . . . . . . 1 1 1 2 2 . . Corruption Purged . | . . . . . . . . . . . . . . . . . . . Corruption Blocked 17 | . . . . . . . . . . . . . . . . . . 17 Effects 12 | . . . . . 2 . . . . . . 2 5 2 . 1 . . Message Errors 4 | . . . . . 1 . . . . . . 1 1 1 . . . . Matter Fused 5 | . . . . . . . . . . . . 1 4 . . . . . Heat Flow Errors 1 | . . . . . . . . . . . . . . 1 . . . . Energy Discharges 2 | . . . . . 1 . . . . . . . . . . 1 . . Overload Shots . | . . . . . . . . . . . . . . . . . . . Overflow Damage 3192 | . . 197 803 276 243 . 92 . . 460 30 . 389 . 96 . 333 273 Projectiles . | . . . . . . . . . . . . . . . . . . . Explosions 301 | . . . 11 198 . . . . . . . . . . . . 67 25 Melee 2891 | . . 197 792 78 243 . 92 . . 460 30 . 389 . 96 . 266 248 Knockbacks 16 | . . 4 3 . . . . . . . . . 9 . . . . . Impact 13 | . . 3 3 . . . . . . . . . 7 . . . . . Kinetic 1 | . . 1 . . . . . . . . . . . . . . . . Secondary 2 | . . . . . . . . . . . . . 2 . . . . . Self-Inflicted Damage 494 | . 22 . . 19 . . . . . . . . 73 43 . 31 161 145 Shots 11 | . 1 . . 2 . . . . . . . . 1 2 . . 3 2 Rammed 3 | . . . . . . . . . . . . . . . . 3 . . Targets Rammed 3 | . . . . . . . . . . . . . . . . 3 . . Kicked . | . . . . . . . . . . . . . . . . . . . Crushed . | . . . . . . . . . . . . . . . . . . . Highest Temperature 234 | 40 1 12 12 20 . . . . . . . . . 234 . . 10 . Average Temperature 23 | 23 1 7 4 6 . . . . . . . . . 132 . . 5 . Received Heat Transfer 952 | . 12 108 348 72 36 32 . . 21 . . . 121 22 . . 117 63 Siege Activations . | . . . . . . . . . . . . . . . . . . . Robots Corrupted 1 | . . . . . . . . . . . . . . 1 . . . . Combat Hostiles 1 | . . . . . . . . . . . . . . 1 . . . . Parts Fried 21 | . . 4 11 . . . . . . . . . 6 . . . . . Impact Corruptions 43 | . . 10 22 . . . . . . . . . 11 . . . . . Robots Melted . | . . . . . . . . . . . . . . . . . . . Combat Hostiles . | . . . . . . . . . . . . . . . . . . . Parts Melted . | . . . . . . . . . . . . . . . . . . . Heat Transferred 200 | 100 . . . . . . . . . . . . . 100 . . . . Parts Sabotaged . | . . . . . . . . . . . . . . . . . . . Parts Stolen . | . . . . . . . . . . . . . . . . . . . Parts Stripped . | . . . . . . . . . . . . . . . . . . . Power Chain Reactions 2 | . . . . . . . . . . . . . . 2 . . . . Alert | -11 -10 -9 -9 -8 -7 -6 -5 -5 -5 -5 -4 -4 -4 -4 -4 -4 -3 -2 ------- Run | Yrd Mat Mat Sto Mat Fac Fac Fac Upp Upp Zhi Pro Fac Ext Cet Arc Hub Res Res Peak Influence 1024 | 15 172 415 728 991 923 461 230 . . . . 716 711 411 398 215 824 1024 Initial 612 | . 9 72 111 307 369 392 225 . . . . 612 350 313 164 126 107 453 Average 416 | 5 51 230 424 613 603 407 229 . . . . 643 517 402 249 172 262 640 Maximum Alert Level 3 | . . 2 3 3 3 2 1 . . . . 3 3 2 1 1 3 3 Low Security (%) 20 | 100 100 42 18 . . . . . . . . . . . 48 88 55 . Level 1 21 | . . 55 12 13 22 33 100 . . . . . 26 11 51 11 24 . Level 2 44 | . . 2 64 49 34 66 . . . . . 86 68 88 . . 12 62 Level 3 12 | . . . 4 37 43 . . . . . . 13 4 . . . 7 37 Level 4 . | . . . . . . . . . . . . . . . . . . . Level 5 . | . . . . . . . . . . . . . . . . . . . High Security . | . . . . . . . . . . . . . . . . . . . Max Security . | . . . . . . . . . . . . . . . . . . . Squads Dispatched 37 | . 2 1 6 4 6 5 . . . . . 1 . . . 3 4 5 Investigation 11 | . 2 . 1 . 3 2 . . . . . 1 . . . . 1 1 Extermination 2 | . . . . . . . . . . . . . . . . . 1 1 Reinforcement 14 | . . 1 2 1 2 2 . . . . . . . . . 3 2 1 Assault 4 | . . . . . 1 1 . . . . . . . . . . . 2 Garrison 6 | . . . 3 3 . . . . . . . . . . . . . . Intercept . | . . . . . . . . . . . . . . . . . . . Searches Triggered 1 | . . . . . . . . . . . . . 1 . . . . . Construction Impeded 2 | . . . . 1 . . . . . . . . . . . . 1 . Haulers Reinforced 1 | . . . . . 1 . . . . . . . . . . . . . Active Scanning Responses . | . . . . . . . . . . . . . . . . . . . Cargo Convoy Interrupts . | . . . . . . . . . . . . . . . . . . . Stealth | -11 -10 -9 -9 -8 -7 -6 -5 -5 -5 -5 -4 -4 -4 -4 -4 -4 -3 -2 --------- Run | Yrd Mat Mat Sto Mat Fac Fac Fac Upp Upp Zhi Pro Fac Ext Cet Arc Hub Res Res Distress Signals 17 | . 1 2 3 4 . 1 . . . . . . 2 1 . . 3 . Communications Jammed . | . . . . . . . . . . . . . . . . . . . Distress Signals . | . . . . . . . . . . . . . . . . . . . Times Spotted 249 | . 6 17 29 21 15 6 . . 8 . 4 2 27 5 24 5 37 43 Peak Tracking Total 16 | . 3 5 6 6 7 5 . . 5 . 3 2 6 5 16 4 7 12 Tactical Retreats 36 | . . 2 4 1 7 1 . . 3 . 1 1 3 . . 1 3 9 Traps | -11 -10 -9 -9 -8 -7 -6 -5 -5 -5 -5 -4 -4 -4 -4 -4 -4 -3 -2 ------- Run | Yrd Mat Mat Sto Mat Fac Fac Fac Upp Upp Zhi Pro Fac Ext Cet Arc Hub Res Res Traps Triggered 12 | . 1 . 1 1 . 3 1 . . . . 1 3 . . . 1 . Indirectly . | . . . . . . . . . . . . . . . . . . . Trap Hack Attempts . | . . . . . . . . . . . . . . . . . . . Triggered . | . . . . . . . . . . . . . . . . . . . Disarmed . | . . . . . . . . . . . . . . . . . . . Reprogrammed . | . . . . . . . . . . . . . . . . . . . Reused . | . . . . . . . . . . . . . . . . . . . Traps Extracted . | . . . . . . . . . . . . . . . . . . . Installed . | . . . . . . . . . . . . . . . . . . . Triggered . | . . . . . . . . . . . . . . . . . . . Machines | -11 -10 -9 -9 -8 -7 -6 -5 -5 -5 -5 -4 -4 -4 -4 -4 -4 -3 -2 ---------- Run | Yrd Mat Mat Sto Mat Fac Fac Fac Upp Upp Zhi Pro Fac Ext Cet Arc Hub Res Res Machines Disabled 14 | . . . 4 3 1 1 . . . . . . 4 . . . 1 . Max in Single Turn 1 | . . . 1 1 1 1 . . . . . . 1 . . . 1 . Garrison Access 2 | . . . . . 1 1 . . . . . . . . . . . . Machines Repaired . | . . . . . . . . . . . . . . . . . . . Machines Dismantled . | . . . . . . . . . . . . . . . . . . . Machines Sabotaged . | . . . . . . . . . . . . . . . . . . . Overloaded Fab Kills . | . . . . . . . . . . . . . . . . . . . Hacking | -11 -10 -9 -9 -8 -7 -6 -5 -5 -5 -5 -4 -4 -4 -4 -4 -4 -3 -2 --------- Run | Yrd Mat Mat Sto Mat Fac Fac Fac Upp Upp Zhi Pro Fac Ext Cet Arc Hub Res Res Machines Accessed 58 | . 3 3 6 3 6 7 . 2 . 6 . 4 3 2 1 3 6 3 Terminals 35 | . 3 2 5 3 2 3 . 1 . . . 2 3 2 . 3 4 2 Fabricators 6 | . . . . . 2 2 . . . . . 1 . . . . . 1 Repair Stations 3 | . . 1 . . . . . . . . . 1 . . . . 1 . Recycling Units 4 | . . . 1 . 1 1 . . . . . . . . . . 1 . Scanalyzers . | . . . . . . . . . . . . . . . . . . . Garrison Access 2 | . . . . . 1 1 . . . . . . . . . . . . Total Hacks 163 | . 10 7 8 5 13 13 . 3 . 22 . 10 6 5 25 8 17 11 Successful 95 | . 5 4 4 2 4 6 . 3 . 22 . 5 1 2 25 1 7 4 Failed 68 | . 5 3 4 3 9 7 . . . . . 5 5 3 . 7 10 7 Catastrophic 28 | . . . 1 . 4 6 . . . . . 2 3 1 . 2 6 3 Database Lockouts . | . . . . . . . . . . . . . . . . . . . Manual 41 | . 4 2 2 2 6 5 . . . . . . . 1 1 4 7 7 Terminals 87 | . 10 4 7 5 4 8 . 2 . . . 6 6 5 . 8 14 8 Fabricators 14 | . . . . . 6 3 . . . . . 2 . . . . . 3 Repair Stations 6 | . . 3 . . . . . . . . . 2 . . . . 1 . Recycling Units 5 | . . . 1 . 1 1 . . . . . . . . . . 2 . Scanalyzers . | . . . . . . . . . . . . . . . . . . . Garrison Access 3 | . . . . . 2 1 . . . . . . . . . . . . Terminal Hacks 70 | . 3 1 3 1 2 2 . 3 . 22 . 1 1 2 25 . 3 1 Record 39 | . . . . . . . . 2 . 10 . . . 2 25 . . . Part Schematic 5 | . . . . . . 1 . . . 4 . . . . . . . . Robot Analysis 4 | . . . . . . . . . . 4 . . . . . . . . Prototype ID Bank 6 | . . . . . 1 . . . . 4 . . . . . . 1 . Open Door 6 | . . . 3 . . . . 1 . . . 1 1 . . . . . Level Access Points 1 | . . . . . 1 . . . . . . . . . . . . . Machine Index 1 | . . . . . . . . . . . . . . . . . 1 . Terminal Index 3 | . 1 . . 1 . . . . . . . . . . . . . 1 Locate Traps 3 | . 1 . . . . 1 . . . . . . . . . . 1 . Dispatch Records 1 | . . 1 . . . . . . . . . . . . . . . . Recall Investigation 1 | . 1 . . . . . . . . . . . . . . . . . Fabricator Hacks 7 | . . . . . 1 2 . . . . . 2 . . . . . 2 Network Status 1 | . . . . . 1 . . . . . . . . . . . . . Load Schematic 3 | . . . . . . 1 . . . . . 1 . . . . . 1 Build 3 | . . . . . . 1 . . . . . 1 . . . . . 1 Repair Station Hacks 5 | . . 2 . . . . . . . . . 2 . . . . 1 . Scan Component 3 | . . 1 . . . . . . . . . 1 . . . . 1 . Repair 2 | . . 1 . . . . . . . . . 1 . . . . . . Recycling Unit Hacks 4 | . . . 1 . 1 1 . . . . . . . . . . 1 . Retrieve Components 4 | . . . 1 . 1 1 . . . . . . . . . . 1 . Scanalyzer . | . . . . . . . . . . . . . . . . . . . Garrison Access Hacks . | . . . . . . . . . . . . . . . . . . . Unauthorized Hacks 9 | . 2 1 . 1 . 1 . . . . . . . . . 1 2 1 Terminals 8 | . 2 1 . 1 . . . . . . . . . . . 1 2 1 Assimilate 1 | . . . . . . . . . . . . . . . . . 1 . Botnet 7 | . 2 1 . 1 . . . . . . . . . . . 1 1 1 Fabricators 1 | . . . . . . 1 . . . . . . . . . . . . Recompile 1 | . . . . . . 1 . . . . . . . . . . . . Repair Stations . | . . . . . . . . . . . . . . . . . . . Recycling Units . | . . . . . . . . . . . . . . . . . . . Scanalyzers . | . . . . . . . . . . . . . . . . . . . Garrison Access . | . . . . . . . . . . . . . . . . . . . Data Cores Recovered 1 | . . . . 1 . . . . . . . . . . . . . . Used 1 | . . . . 1 . . . . . . . . . . . . . . Hacking Detections 37 | . 3 2 4 3 5 4 . . . . . 2 2 1 . 3 5 3 Full Trace Events 8 | . 1 . . . 3 1 . . . . . 1 . . . . 1 1 Feedback Events 2 | . . . . . 1 . . . . . . . . . . . 1 . Corruption 1 | . . . . . 1 . . . . . . . . . . . . . Hackware Fried 1 | . . . . . . . . . . . . . . . . . 1 . Feedback Blocked . | . . . . . . . . . . . . . . . . . . . Robot Schematics Acquired . | . . . . . . . . . . . . . . . . . . . Robots Built . | . . . . . . . . . . . . . . . . . . . Authchips . | . . . . . . . . . . . . . . . . . . . Time . | . . . . . . . . . . . . . . . . . . . Total Robot Build Rating . | . . . . . . . . . . . . . . . . . . . Part Schematics Acquired 5 | . . . . . . 1 . . . 4 . . . . . . . . Parts Built 3 | . . . . . . 2 . . . . . . . . . . . 1 Authchips 1 | . . . . . . 1 . . . . . . . . . . . . Time 333 | . . . . . . 84 . . . . . 187 . . . . . 62 Total Part Build Rating 15 | . . . . . . 8 . . . . . . . . . . . 7 Parts Repaired 2 | . . 1 . . . . . . . . . 1 . . . . . . Time 76 | . . 26 . . . . . . . . . 50 . . . . . . Parts Recycled . | . . . . . . . . . . . . . . . . . . . Recycled Matter . | . . . . . . . . . . . . . . . . . . . Retrieved Matter . | . . . . . . . . . . . . . . . . . . . Retrieved Components 14 | . . . 3 . 2 8 . . . . . . . . . . 1 . Parts Scanalyzed . | . . . . . . . . . . . . . . . . . . . Part Schematics Acquired . | . . . . . . . . . . . . . . . . . . . Parts Damaged . | . . . . . . . . . . . . . . . . . . . Bothacking | -11 -10 -9 -9 -8 -7 -6 -5 -5 -5 -5 -4 -4 -4 -4 -4 -4 -3 -2 ------------ Run | Yrd Mat Mat Sto Mat Fac Fac Fac Upp Upp Zhi Pro Fac Ext Cet Arc Hub Res Res Used RIF Installer . | . . . . . . . . . . . . . . . . . . . Robots Hacked . | . . . . . . . . . . . . . . . . . . . Non-combat . | . . . . . . . . . . . . . . . . . . . Combat . | . . . . . . . . . . . . . . . . . . . Robot Hacks Applied . | . . . . . . . . . . . . . . . . . . . Relay Couplers Released 3 | . . . . . 1 2 . . . . . . . . . . . . Machine Destruction 3 | . . . . . 1 2 . . . . . . . . . . . . Fabnet Peak Effective % . | . . . . . . . . . . . . . . . . . . . Robots Rewired 13 | . . . . . . . . . . . . . 13 . . . . . Allies Hacked . | . . . . . . . . . . . . . . . . . . . Hacks Repelled . | . . . . . . . . . . . . . . . . . . . Allies | -11 -10 -9 -9 -8 -7 -6 -5 -5 -5 -5 -4 -4 -4 -4 -4 -4 -3 -2 -------- Run | Yrd Mat Mat Sto Mat Fac Fac Fac Upp Upp Zhi Pro Fac Ext Cet Arc Hub Res Res Total Allies 21 | . . . . . . . . . . . . . 15 5 . . 1 . Largest Group 10 | . . . . . . . . . . . . . 10 6 5 . 1 . Highest-Rated Group 616 | . . . . . . . . . . . . . 415 616 480 . 45 . Highest-Rated Ally 159 | . . . . . . . . . . . . . 159 143 96 . 45 . Total Orders . | . . . . . . . . . . . . . . . . . . . Ally Attacks 97 | . . . . . . . . . . . . . 41 7 49 . . . Total Damage 3576 | . . . . . . . . . . . . . 1400 220 1956 . . . Kills 19 | . . . . . . . . . . . . . 10 3 6 . . . Allies Corrupted . | . . . . . . . . . . . . . . . . . . . Allies Melted 2 | . . . . . . . . . . . . . 1 . 1 . . . Intel | -11 -10 -9 -9 -8 -7 -6 -5 -5 -5 -5 -4 -4 -4 -4 -4 -4 -3 -2 ------- Run | Yrd Mat Mat Sto Mat Fac Fac Fac Upp Upp Zhi Pro Fac Ext Cet Arc Hub Res Res Robot Analysis Total 4 | . . . . . . . . . . 4 . . . . . . . . Derelict Logs Recovered 4 | . . . . . . . . . 2 . 2 . . . . . . . Drone Launches . | . . . . . . . . . . . . . . . . . . . Drone Recoveries . | . . . . . . . . . . . . . . . . . . . Exploration | -11 -10 -9 -9 -8 -7 -6 -5 -5 -5 -5 -4 -4 -4 -4 -4 -4 -3 -2 ------------- Run | Yrd Mat Mat Sto Mat Fac Fac Fac Upp Upp Zhi Pro Fac Ext Cet Arc Hub Res Res Turns Passed 6150 | 120 229 451 652 473 424 611 96 254 140 116 149 162 627 320 64 72 715 475 Spaces Moved 7359 | 58 110 202 358 233 681 1118 195 601 269 171 327 290 607 154 117 143 1163 562 Core 62 | 4 . . . . . . . . . . . . . . . . . 58 Treads 495 | 54 110 89 58 184 . . . . . . . . . . . . . . Legs 471 | . . 113 300 49 9 . . . . . . . . . . . . . Wheels 88 | . . . . . . . . . . . . . . 88 . . . . Hover 6225 | . . . . . 672 1118 195 601 269 171 327 290 607 66 117 143 1163 486 Flight 18 | . . . . . . . . . . . . . . . . . . 18 Fastest Speed 30 | 50 160 90 90 130 43 38 40 40 40 40 40 40 30 30 35 35 34 40 Average Speed 53 | 152 160 121 108 153 44 40 40 40 40 40 40 40 31 76 35 35 42 58 Slowest Speed 290 | 160 160 180 240 160 290 45 40 45 40 40 40 40 40 110 35 42 56 150 Overloaded Moves . | . . . . . . . . . . . . . . . . . . . Propulsion Burnouts . | . . . . . . . . . . . . . . . . . . . Robots Hopped . | . . . . . . . . . . . . . . . . . . . Cave-ins Triggered . | . . . . . . . . . . . . . . . . . . . Teleports 1 | . . . . . . . . . . . . . . . . . 1 . Exploration Rate (%) 42 | 5 20 28 63 39 25 31 6 74 59 63 63 9 66 66 89 29 42 21 Regions Visited 18 Branch Regions 9 Pre-discovered Areas 5 | . . . 1 . . . . . 1 3 . . . . . . . . Known Exits Taken 13 | . . . . . 1 1 1 1 1 1 1 1 1 1 1 1 1 . Unknown Exits Taken 5 | 1 1 1 1 1 . . . . . . . . . . . . . . Scrap Searched 6 | . . . . . . . . 3 1 . 2 . . . . . . . Spaces Dug 86 | . . 1 . 10 5 12 . 1 1 . . 7 3 . . 4 28 14 Terrain Destroyed 777 | . 10 27 102 211 5 12 . 1 1 . . 7 99 76 . 4 164 58 Melee 69 | . . 1 . 3 5 12 . 1 1 . . 7 3 . . 4 18 14 Projectile . | . . . . . . . . . . . . . . . . . . . AOE 708 | . 10 26 102 208 . . . . . . . . 96 76 . . 146 44 Terrain Rammed . | . . . . . . . . . . . . . . . . . . . Walls Destroyed . | . . . . . . . . . . . . . . . . . . . Machines Disabled . | . . . . . . . . . . . . . . . . . . . Actions | -11 -10 -9 -9 -8 -7 -6 -5 -5 -5 -5 -4 -4 -4 -4 -4 -4 -3 -2 --------- Run | Yrd Mat Mat Sto Mat Fac Fac Fac Upp Upp Zhi Pro Fac Ext Cet Arc Hub Res Res Total 8927 | 77 155 354 510 304 753 1250 210 610 288 199 332 318 1000 329 135 155 1311 637 Wait 581 | 7 30 102 44 7 8 45 . . 14 . . 17 111 122 13 . 48 13 Move 7342 | 57 109 201 357 232 680 1117 194 600 268 170 326 289 606 153 116 143 1162 562 Hop . | . . . . . . . . . . . . . . . . . . . Pick Up 70 | 1 4 7 6 10 3 4 1 1 . 2 . 2 13 3 1 2 10 . Fast Attach 85 | 7 2 5 13 3 6 8 1 5 . 4 . 1 6 4 . 1 7 12 Attach 49 | . . . 2 5 6 7 . . . 1 . 1 3 11 . . 9 4 Detach 25 | . . . 9 . . 6 . . . 1 . . 3 4 . . 2 . Swap 33 | . . 4 2 1 2 6 . . . 2 . . 7 3 1 . 4 1 Drop 113 | . 2 7 13 8 14 14 2 3 . 8 . . 13 9 . 1 16 3 Fire 96 | 5 8 18 12 26 . . . . . . . . 6 5 . . 14 2 Melee 309 | . . 10 52 12 34 19 1 1 6 11 6 8 47 15 2 6 39 40 Ram 2 | . . . . . . . . . . . . . . . . 2 . . Kick . | . . . . . . . . . . . . . . . . . . . Crush . | . . . . . . . . . . . . . . . . . . . Escape Stasis 74 | . . . . . . 24 11 . . . . . 39 . . . . . Rewire 148 | . . . . . . . . . . . . . 146 . 2 . . . Trap . | . . . . . . . . . . . . . . . . . . . Miscellaneous . | . . . . . . . . . . . . . . . . . . . Route ------- -11/Scrapyard -10/Materials -9/Materials -9/Storage -8/Materials -7/Factory (discovered 4 exits: *Fac x4) -6/Factory (discovered 2 exits: *Fac / *Low) -5/Factory -5/Upper Caves -5/Upper Caves -5/Zhirov -4/Proximity Caves -4/Factory (discovered 2 exits: *Res / *Ext) -4/Extension (discovered 2 exits: *Res / *Cet) -4/Cetus -4/Archives (discovered 3 exits: *Res / *Hub x2) -4/Hub_04(d) -3/Research (discovered 2 exits: *Res x2) -2/Research History --------- Turn | Location | Event 3 | -11/Scrapyard | Discovered new exit (range 15) 121 | -11/Scrapyard | Entered Materials 313 | -10/Materials | Build established: Mutant 319 | -10/Materials | Discovered new exit (range 10) 350 | -10/Materials | Entered another Materials area 350 | -9/Materials | Evolved 2 slots: Propulsion x2 705 | -9/Materials | Repaired Grenade Launcher 776 | -9/Materials | Discovered new exit (range 16) 801 | -9/Materials | Entered Storage 927 | -9/Storage | Garrison activated, responded to threat 1042 | -9/Storage | Learned location of Armory (-4) 1429 | -9/Storage | Discovered new exit (range 16) 1453 | -9/Storage | Entered Materials 1453 | -8/Materials | Evolved 2 slots: Utility x2 1690 | -8/Materials | Garrison activated, responded to threat 1799 | -8/Materials | Destroyed 7 combat bots 1902 | -8/Materials | Discovered new exit (range 11) 1926 | -8/Materials | Entered Factory 1926 | -7/Factory | Evolved 2 slots: Utility x2 1986 | -7/Factory | Discovered new exit (range 7) 2225 | -7/Factory | Identified exit to Factory 2235 | -7/Factory | Build established: Scavenger-Mutant 2350 | -7/Factory | Entered another Factory area 2350 | -6/Factory | Evolved 2 slots: Utility x2 2393 | -6/Factory | Discovered new exit (range 4) 2394 | -6/Factory | Identified exit to Lower Caves 2516 | -6/Factory | Assembled infested ambush trap array 2662 | -6/Factory | Build established: Scout 2829 | -6/Factory | Fabricated Greatsword (x2) 2940 | -6/Factory | Discovered new exit (range 5) 2952 | -6/Factory | Identified exit to Factory 2961 | -6/Factory | Entered another Factory area 2961 | -5/Factory | Evolved 2 slots: Utility x2 2967 | -5/Factory | Discovered new exit (range 4) 2968 | -5/Factory | Identified exit to Upper Caves 3057 | -5/Factory | Entered Upper Caves 3289 | -5/Upper Caves | Discovered new exit (range 9) 3296 | -5/Upper Caves | Identified exit to Upper Caves 3306 | -5/Upper Caves | Learned Research garrison access intel 3311 | -5/Upper Caves | Entered another Upper Caves area 3313 | -5/Upper Caves | Learned Factory emergency access door positions 3337 | -5/Upper Caves | Spotted B-75 Beast 3423 | -5/Upper Caves | Encountered a Warlord checkpoint 3448 | -5/Upper Caves | Discovered new exit (range 8) 3450 | -5/Upper Caves | Identified exit to Zhirov 3451 | -5/Upper Caves | Entered Zhirov 3451 | -5/Zhirov | Discovered new exit (range 3) 3466 | -5/Zhirov | Learned location of Quarantine (-3) 3466 | -5/Zhirov | Learned location of Testing (-2) 3466 | -5/Zhirov | Learned location of Command (-1) 3481 | -5/Zhirov | Found Alien Artifact 3481 | -5/Zhirov | Identified Integrated Dissipator 3481 | -5/Zhirov | Installed Integrated Dissipator, increased core heat dissipation (+20) 3487 | -5/Zhirov | Found Alien Artifact 3567 | -5/Zhirov | Identified exit to Proximity Caves 3567 | -5/Zhirov | Entered Proximity Caves 3569 | -4/Proximity Caves | Spotter reported a threat 3570 | -4/Proximity Caves | Spotter reported a threat 3619 | -4/Proximity Caves | Learned Research emergency access door positions 3622 | -4/Proximity Caves | Spotter reported a threat 3623 | -4/Proximity Caves | Spotter reported a threat 3680 | -4/Proximity Caves | Learned location of 1 exit from Research 3710 | -4/Proximity Caves | Discovered new exit (range 14) 3716 | -4/Proximity Caves | Identified exit to Factory 3716 | -4/Proximity Caves | Entered Factory 3716 | -4/Factory | Evolved 2 slots: Propulsion x1, Utility x1 3810 | -4/Factory | Repaired Adv. Sensor Array 3856 | -4/Factory | Discovered new exit (range 8) 3868 | -4/Factory | Identified exit to Research 3876 | -4/Factory | Discovered new exit (range 6) 3877 | -4/Factory | Identified exit to Extension 3878 | -4/Factory | Entered Extension 4128 | -4/Extension | Search patrols dispatched 4232 | -4/Extension | Rescued a captive Derelict 4298 | -4/Extension | Spotted B-86 Titan 4328 | -4/Extension | Spotted B-86 Titan 4363 | -4/Extension | Lost 9 allies 4376 | -4/Extension | Discovered exit to Research (range 22) 4376 | -4/Extension | Discovered new exit (range 22) 4389 | -4/Extension | Identified exit to Cetus 4434 | -4/Extension | Rescued A7 4505 | -4/Extension | Entered Cetus 4505 | -4/Cetus | Accompanied by 1 ally (A7) 4510 | -4/Cetus | Acquired a Cetus Manufacturing Module code from A7 4525 | -4/Cetus | Spotted Cetus Guard 4525 | -4/Cetus | Spotted Cetus Guard 4525 | -4/Cetus | Spotted Cetus Guard 4525 | -4/Cetus | Spotted Cetus Guard 4533 | -4/Cetus | Destroyed Cetus Guard 4537 | -4/Cetus | Allies destroyed Cetus Guard 4541 | -4/Cetus | Allies destroyed Cetus Guard 4545 | -4/Cetus | Destroyed Cetus Guard 4575 | -4/Cetus | Lost 6 parts (1p2u3w) 4601 | -4/Cetus | Started Cetus Manufacturing Module 4626 | -4/Cetus | Manufactured an Enhanced Grunt 4651 | -4/Cetus | Manufactured an Enhanced Grunt 4676 | -4/Cetus | Manufactured an Enhanced Grunt 4701 | -4/Cetus | Manufactured an Enhanced Grunt 4726 | -4/Cetus | Manufactured an Enhanced Grunt 4737 | -4/Cetus | Discovered new exit (range 21) 4743 | -4/Cetus | Identified exit to Archives 4796 | -4/Cetus | Found Prototype Protection 4798 | -4/Cetus | Murdered A7 4798 | -4/Cetus | Destroyed A7 4803 | -4/Cetus | Extracted ID and sensor layout for unrecognized location from A7's data core 4809 | -4/Cetus | Identified Med. Regenerative Plating 4825 | -4/Cetus | Entered Archives 4825 | -4/Archives | Accompanied by 5 allies 4830 | -4/Archives | Met Zhirov 4832 | -4/Archives | Unable to access archive contents 4834 | -4/Archives | Discovered new exit (range 22) 4836 | -4/Archives | Reinforcements dispatched to Archives 4837 | -4/Archives | Unable to access archive contents 4838 | -4/Archives | Discovered new exit (range 22) 4868 | -4/Archives | Read partially decrypted archive contents 4870 | -4/Archives | Discovered exit to Research (range 22) 4872 | -4/Archives | Unable to access archive contents 4881 | -4/Archives | Reinforcements dispatched to Archives 4883 | -4/Archives | Zhirov warped through subspace 4888 | -4/Archives | Identified exit to Hub_04(d) 4889 | -4/Archives | Entered Hub_04(d) 4912 | -4/Hub_04(d) | Discovered exit to Research (range 20) 4917 | -4/Hub_04(d) | Lost 3 allies 4961 | -4/Hub_04(d) | Entered Research 4961 | -3/Research | Evolved 2 slots: Power x1, Propulsion x1 4962 | -3/Research | Identified exit to Research 4964 | -3/Research | Loaded intel: 4 garrison access locations 5023 | -3/Research | Found Prototype Hackware 5029 | -3/Research | Found Prototype Slashing Weapon 5051 | -3/Research | Identified Centrium Greatsword 5128 | -3/Research | Identified Exp. Hacking Suite 5181 | -3/Research | Spotted B-86 Titan 5222 | -3/Research | Build established: Hacker-Scout 5259 | -3/Research | Identified Transdimensional Reconstructor 5259 | -3/Research | Warped through subspace 5317 | -3/Research | Found Fusion Bomb Launcher 5383 | -3/Research | Exp. Hacking Suite fried by hacking feedback 5553 | -3/Research | Destroyed 9 combat bots 5648 | -3/Research | Discovered exit to Research (range 17) 5676 | -3/Research | Entered another Research area 5676 | -2/Research | Evolved 2 slots: Utility x2 5699 | -2/Research | Lost 4 parts (1n2u1w) 5752 | -2/Research | Fabricated Exp. Optical Array? 5967 | -2/Research | First assault squad dispatched 6070 | -2/Research | Core integrity fell below 50% 6110 | -2/Research | Core integrity fell below 20% 6111 | -2/Research | Lost 12 parts (2p4n4u2w) 6151 | -2/Research | Destroyed by G-73 Enforcer with Phase Gun Last Messages --------------- 06117_ Destroyed Imp. Antigrav System. 06119_ Antigrav System destroyed. 06122_ P-80 Master suffers critical hit (Impale). 06122_ Destroyed Imp. Antigrav System. 06128_ Destroyed Gamma Rifle. 06131_ P-80 Master suffers critical hit (Impale). 06131_ Destroyed Gamma Rifle. 06131_ Destroyed Adv. Remote Datajack. 06133_ Slug penetrates Wall. 06143_ Acquired Prototype Flight Unit. 06143_ Identified Imp. Q-thruster. 06144_ Penetrated by Slug. 06144_ Slug penetrates Wall. 06144_ Lance destroyed. 06148_ C-30 ARC bursts open, deploying its payload. 06148_ G-73 Enforcer unfolds itself. 06148_ I-47 Archangel unfolds itself. Map ----- +----------------------------------------------------+ | ???????????????????????????????????????????????? | | ???????????????????????????????????????????????? | | ???????????????????????????????????????????????? | | ???????????????????????????????????????????????? | | ???????????????????????????????????????????????? | | ???????????????????????????????????????????????? | | ???????????????????????????????????????????????? | | ???????????????????????????????????????????????? | | ???????????????????????????????????????????????? | | ???????????????????????????????????????????????? | | ??#######?#????????????????????????????????????? | | ??# #?# ???????????????????????????????????? | | ??# ### ???????????????????????????????????? | | ??# "##"#######????????????????????????????? | | ??# # #????????????????????????????? | | ??# # ! #????????????????????????????? | | ??### ### #????????????????????????????? | | ????# #?# #????????????????????????????? | | ????# ########+####????????????????????????????? | | ????# #???????????????????????????????? | | ?############" #???????????????????????????????? | | # # #???????????????????????????????? | | # # #???????????????????????????????? | | # # #?????????????? " ??! ?????????? | | # # ############# """ ????????? | | # # @ """ ????????? | | # + g%g g #???????? | | # # igg +???????? | | # # u #???????? | | # # ########### #???????? | | # # #??????????? """ #???????? | | # + ##??????????? """A #???????? | | # #######?????????????"" ? #???????? | | ##########/######"##?????????????? ???????????? | | ?????????#! #???????????????? ??????????? | | ?????????# #???????????????????????????? | | ?????????# #???????????????????????????? | | ?????????# #???????????????????????????? | | ?????????####/######???????????????????????????? | | ????????????# #????????????????????????????????? | | ????????????# #????????????????????????????????? | | ????????????# #######??????????????????????????? | | ????????????# +??????????????????????????? | | ????????????# #??????????????????????????? | | ????????????# #??????????????????????????? | | ?????###????# ##+#????????????## ???????????? | | ???### ###### # ??????????????## ???????????? | | ###### ###### # ??????????????## ??????????? | | ##### # ### # ??????????????## ??????????? | | # ## # ??????????????## ?????????? | +----------------------------------------------------+ Best States ------------- Heat Dissipation 69 Energy Generation 45 Energy Capacity 440 Matter Stores 300 Matter Capacity 300 Sight Range 22 Robot Scan Range 18 Terrain Scan Density 10 Corruption Block 20 Armor Coverage 225 Propulsion Shielding 90 Melee Speed Boost 30 Phase Shifting 10 Evasion (%) 63 Targeting Accuracy 16 Melee Accuracy 26 Target Analysis 12 Core Analysis 6 Armor Integrity Analysis 30 Recoil Reduction 4 Offensive Hacking 16 Defensive Hacking 28 Authchip Count 1 Item Schematics ----------------- Greatsword | -6/Factory | Hacked Assault Drone Bay | -5/Zhirov | Free Exp. Heat Sink | -5/Zhirov | Free Exp. Optical Array | -5/Zhirov | Free Imp. Arc Thrower | -5/Zhirov | Free Robot Schematics ------------------ None Fabricated ------------ Greatsword | x2 | -6/Factory | Authchip Exp. Optical Array | x1 | -2/Research Alien Tech Used ----------------- Integrated Dissipator Transdimensional Reconstructor Achievements -------------- None Challenges ------------ None Game ------ Seed DefenseTrackerDriver Manual? 0 Play Time 01:39:48 Cumulative 260.7 hours Start 2024.06.16 @ 20:27:19 End 2024.06.17 @ 12:28:04 Sessions 3 Manual Loads 0 Difficulty Rogue Special Mode None Game No. 250 Rogue 245 Adventurer 5 Explorer 0 Win Type - Total 4 Types 3/0/0/1/0/0/0/0/0 Lore% 65 Gallery% 83 Achievement% 64 Wizard Run 0 Options --------- Layout 2 ASCII 0 Keyboard 0 Movement Mouse Keybinds 0 Fullscreen 1 Font 24/Terminus Map View 50x44 Zoom Use 0% Tactical HUD 1 Map Filters NONE Filters NONE Steam 1 RUN: 74031af2-afd6-4bb0-a616-b78322688406